 Dungeon Crawl Stone Soup version 0.17-a0-1510-gb3fb22e (webtiles) character file.

1115 Jb9000 the Sneak (level 8, -7/48 HPs)
             Began as a Gargoyle Fighter on July 11, 2015.
             Was a Priest of Makhleb.
             Mangled by an ogre
             ... wielding a +0 giant club
              (16 damage)
             ... on level 4 of the Dungeon.
             The game lasted 00:25:04 (4471 turns).

Jb9000 the Sneak (Gargoyle Fighter)                 Turns: 4471, Time: 00:25:04

Health: -7/48      AC: 13    Str: 18    XL:     8   Next: 34%
Magic:  12/12      EV: 10    Int:  9    God:    Makhleb [***...]
Gold:   314        SH:  0    Dex: 10    Spells: 0 memorised, 12 levels left

rFire  . . .     SeeInvis .     n - +3 quarterstaff (chaos)
rCold  . . .     Clarity  .     D - +0 ring mail of the Hidden Vale {MR++ Regen+ rCorr Str-3}
rNeg   + + .     SustAt   .     (no shield)
rPois  ∞         Gourm    .     (no helmet)
rElec  +         Spirit   .     o - +0 cloak
rCorr  +         Warding  .     l - +0 pair of gloves
rMut   .         Stasis   .     (no boots)
MR     ++...                    (no amulet)
Stlth  ++........               (no ring)
                                f - ring of positive energy

@: very resistant to hostile enchantments, unstealthy
A: negative energy resistance 1, electricity resistance, unbreathing,
petrification resistance, rot immunity, AC +5
a: Minor Destruction, Lesser Servant of Makhleb, Renounce Religion


You were on level 4 of the Dungeon.
You worshipped Makhleb.
Makhleb was most pleased with you.
You were not hungry.

You visited 1 branch of the dungeon, and saw 4 of its levels.

You collected 314 gold pieces.

Inventory:

Hand weapons
 a - a +1 war axe
 i - a +0 shortbow
 n - a +3 quarterstaff of chaos (weapon)
Missiles
 h - 5 needles of paralysis
 j - 84 arrows
 u - 3 throwing nets (quivered)
 y - 21 bolts
 A - 2 curare-tipped needles
Armour
 c - a +0 shield
 l - a +0 pair of gloves (worn)
 o - a +0 cloak (worn)
 D - the +0 ring mail of the Hidden Vale (worn) {MR++ Regen+ rCorr Str-3}
   (You found it on level 4 of the Dungeon)

   It affects your strength (-3).
   It affects your resistance to hostile enchantments.
   It increases your rate of regeneration.
   It protects you from acid and corrosion.
Jewellery
 f - a ring of positive energy (left hand)
Magical devices
 k - a wand of teleportation (4)
 E - a wand of frost (7)
Scrolls
 b - a scroll of enchant armour {unknown}
 m - a scroll of teleportation
 q - a scroll of blinking
 t - a scroll of fog {unknown}
 v - a scroll of enchant weapon
 w - a scroll of amnesia {unknown}
 B - 3 scrolls of remove curse
 F - 2 scrolls of identify
Potions
 d - 3 potions of might
 p - a potion of agility
 r - a potion of heal wounds {unknown}
 s - a potion of poison {unknown}
 x - a potion of curing
 z - a potion of cancellation {unknown}
Comestibles
 e - 3 bread rations
 g - a slice of pizza
 C - 19 chunks of flesh
 G - a beef jerky


   Skills:
 + Level 4.7 Fighting
 + Level 3.1 Axes
 * Level 2.9 Staves
 * Level 2.2 Bows
 + Level 4.5 Armour
 * Level 5.1 Stealth
 + Level 4.7 Shields
 + Level 2.8 Spellcasting
 + Level 1.3 Invocations
 + Level 1.3 Evocations


You had 12 spell levels left.
You didn't know any spells.

Dungeon Overview and Level Annotations

Branches:
Dungeon (4/15)
 Temple: D:4-7

Altars:
Cheibriados
Makhleb
Yredelemnul
Zin


Innate Abilities, Weirdness & Mutations

You are resistant to torment.
Your stone body is resilient (AC +5).
You are immune to poison.
You resist negative energy.
You are resistant to electric shocks.
You can survive without breathing.
You are immune to petrification.
You are immune to rotting.


Message History

Wield which item (- for none, * to show all)? (? for menu, Esc to quit)
It is briefly surrounded by a scintillating aura of random colours.
n - a +3 quarterstaff of chaos (weapon)
You hit the ogre. You burn the ogre.
The ogre is heavily wounded.
The ogre hits you with a giant club!!
Ouch! That really hurt!
You barely miss the ogre.
The ogre is heavily wounded.
The ogre hits you with a giant club.
You closely miss the ogre.
The ogre is heavily wounded.
The giant newt bites you but does no damage.
The ogre hits you with a giant club!
* * * LOW HITPOINT WARNING * * *
The giant newt bites you but does no damage.
You barely miss the ogre.
The ogre is heavily wounded.
The giant newt closely misses you. The ogre hits you with a giant club!
You die...

≈≈≈≈≈≈≈≈≈≈≈≈≈≈≈≈≈≈≈≈≈≈≈≈≈≈≈≈≈≈≈≈≈
≈≈≈≈≈≈≈≈≈≈≈≈≈≈≈≈≈≈≈≈≈≈≈≈≈≈#####≈≈
..........................#...#≈≈
###########################...#≈≈
........'....#'###≈≈
##################......#.≈≈≈
.....#8..8#......#....###.≈≈≈
.....(....'..8#..##''##.#.≈≈≈
.....(.).('O@8#..)......#.≈≈≈
.....#.)))#l.....÷.)....#.≈≈≈ ###
#.)).#########''##.#.≈≈≈
#....#....#.#.)).###.≈≈≈
#....###.##.#......#.≈≈≈
#..))#......'....#'###≈≈ ##
####''')#############...#≈≈ ..
.......)........)...#...#≈≈ ≈≈
≈≈≈≈≈....≈≈≈≈≈≈≈≈≈≈≈≈#####≈≈


You could see an ogre and a giant newt.

Vanquished Creatures
  A centaur (D:4)
  Blork the orc (D:4)
  2 big kobolds (D:3)
  A scorpion (D:4)
  A hound (D:4)
  Crazy Yiuf (D:2)
  A giant frog skeleton (D:3)
  A gnoll shaman (D:4)
  A jelly (D:4)
  A worker ant (D:4)
  34 gnolls
  7 adders
  3 worms
  2 giant geckos
  10 orcs
  12 bats
  11 giant cockroaches
  36 goblins
  46 hobgoblins
  19 jackals
  11 kobolds
  2 ball pythons
  A ball python skeleton (D:3)
  5 giant newts
  8 rats
218 creatures vanquished.

Notes
Turn   | Place    | Note
--------------------------------------------------------------
     0 | D:1      | Jb9000 the Gargoyle Fighter began the quest for the Orb.
     0 | D:1      | Reached XP level 1. HP: 14/14 MP: 1/1
   419 | D:1      | Reached skill level 1 in Stealth
   444 | D:1      | Reached XP level 2. HP: 19/19 MP: 2/2
   919 | D:2      | Reached XP level 3. HP: 23/23 MP: 3/3
  1014 | D:2      | HP: 1/23 [gnoll/flail (3)]
  1240 | D:2      | Reached XP level 4. HP: 20/28 MP: 5/5
  1332 | D:2      | Reached skill level 1 in Spellcasting
  1389 | D:2      | Noticed Crazy Yiuf
  1398 | D:2      | Killed Crazy Yiuf
  1574 | D:2      | Reached XP level 5. HP: 33/33 MP: 6/6
  1857 | D:3      | Found a glowing silver altar of Zin.
  2043 | D:3      | Reached skill level 4 in Fighting
  2043 | D:3      | Reached skill level 1 in Staves
  2043 | D:3      | Reached XP level 6. HP: 18/38 MP: 7/9
  2530 | D:3      | Reached XP level 7. HP: 33/43 MP: 10/10
  2793 | D:3      | Found a burning altar of Makhleb.
  2793 | D:3      | Found a basalt altar of Yredelemnul.
  2799 | D:3      | Became a worshipper of Makhleb the Destroyer
  3382 | D:4      | Got a slimy ring mail
  3393 | D:4      | Identified the cursed +0 ring mail of the Hidden Vale {MR++ Regen+ rCorr Str-3} (You found it on level 4 of the Dungeon)
  3566 | D:4      | Found a snail-covered altar of Cheibriados.
  3625 | D:4      | Acquired Makhleb's first power
  3642 | D:4      | Reached skill level 1 in Evocations
  4201 | D:4      | Acquired Makhleb's second power
  4201 | D:4      | Reached skill level 1 in Bows
  4213 | D:4      | Noticed Blork the orc
  4229 | D:4      | Killed Blork the orc
  4229 | D:4      | Reached skill level 5 in Stealth
  4229 | D:4      | Reached skill level 1 in Invocations
  4229 | D:4      | Reached XP level 8. HP: 34/48 MP: 12/12
  4264 | D:4      | Your ally Blork died
  4435 | D:4      | Acquired Makhleb's third power
  4471 | D:4      | Mangled by an ogre

Vault maps used:
D:1:      minmay_arrival_five_plusses
D:2:      nrook_mini_backslash, minmay_misc_feat_cross, uniq_crazy_yiuf_cottage
D:3:      minmay_goblin_kobold_castle, gammafunk_temple_overflow_forgotten,
          first_bread
D:4:      lemuel_castle_with_subvaults, old_standard_altar, serial_shops, shop,
          minmay_misc_feat_rows, uniq_blork_the_orc

Action                   |  1- 3 |  4- 6 |  7- 9 || total
-------------------------+-------+-------+-------++-------
Melee: Short sword       |   131 |       |       ||   131
       War axe           |    25 |    63 |    14 ||   102
       Quarterstaff      |       |   130 |   234 ||   364
 Fire: Shortbow          |       |       |    58 ||    58
  Use: Scroll            |     5 |       |     4 ||     9
       Potion            |     2 |     1 |       ||     3
 Stab: Paralysed         |       |     1 |     4 ||     5
       Sleeping          |       |     1 |     3 ||     4
  Eat: Chunk             |     1 |     5 |     7 ||    13
